 Dungeon Crawl Stone Soup version 0.24.1-4-ge52af88ad5 (webtiles) character file.

Game seed: 2254299684828048731, levelgen mode: deterministic

21918 Curus the Grappler (level 12, -5/189 HPs)
             Began as a Troll Berserker on Apr 18, 2020.
             Was a High Priest of Trog.
             Slain by a nine-headed hydra (7 damage)
             ... on level 3 of the Lair of Beasts on Apr 19, 2020.
             The game lasted 01:09:47 (9768 turns).

Curus the Grappler (Troll Berserker)                Turns: 9768, Time: 01:09:48

Health: -5/189     AC:  9    Str: 33    XL:     12   Next: 58%
Magic:  15/15      EV: 14    Int:  7    God:    Trog [*****.]
Gold:   1015       SH:  0    Dex: 11    Spells: 11/11 levels left

rFire    . . .     SeeInvis .     - Unarmed
rCold    . . .     Gourm    +   (no shield)
rNeg     . . .     Faith    .   a - +2 animal skin
rPois    .         Spirit   .   y - +1 hat
rElec    +         Reflect  .   (no cloak)
rCorr    .         Harm     .   (gloves unavailable)
MR       +++..                  (boots unavailable)
Stlth    ..........             h - amulet of the acrobat
HPRegen  1.81/turn              j - ring "Vecryn" {*Corrode rElec MR+ Dex+2}
MPRegen  0.14/turn              (no ring)

@: berserking, regenerating, very quick
A: large, unfitting armour, claws 3, fast metabolism 3, gourmand, regeneration
1, shaggy fur 1, tough skin 3
a: Berserk, Trog's Hand, Brothers in Arms, Renounce Religion


You were on level 3 of the Lair of Beasts.
You worshipped Trog.
Trog was extremely pleased with you.
You were very full.

You visited 2 branches of the dungeon, and saw 14 of its levels.

You collected 1015 gold pieces.

Inventory:

Armour
 a - a +2 animal skin (worn)
 y - a +1 hat (worn)
Jewellery
 h - an amulet of the acrobat (around neck)
 j - the ring "Vecryn" (left claw) {*Corrode rElec MR+ Dex+2}
   (You found it on level 4 of the Dungeon)

   [ring of dexterity]

   It affects your dexterity (+2).
   It insulates you from electricity.
   It affects your resistance to hostile enchantments.
   It may corrode you when you take damage.
 q - an uncursed amulet of magic regeneration
 u - an uncursed amulet of the gourmand
 v - an uncursed amulet of harm {unknown}
Wands
 f - a wand of flame (39)
 k - a wand of acid (7)
 m - a wand of random effects (27)
 o - a wand of digging (4)
 t - a wand of paralysis (7)
Scrolls
 d - 9 scrolls of identify
 g - 3 scrolls of enchant weapon
 i - 12 scrolls of remove curse
 l - 5 scrolls of teleportation
 n - a scroll of fear
 r - a scroll of blinking
 s - a scroll of magic mapping
 x - a scroll of fog
Potions
 c - a potion of flight
 e - 4 potions of heal wounds
 p - a potion of magic
 w - 4 potions of curing
 z - a potion of invisibility
 A - 3 potions of cancellation
Comestibles
 b - 23 rations
 B - 2 chunks of flesh


   Skills:
 - Level 9.9 Fighting
 - Level 9.9 Dodging
 + Level 12.2 Unarmed Combat
 + Level 5.5 Evocations


You had 11 spell levels left.
You didn't know any spells.
Your spell library was empty.

Dungeon Overview and Level Annotations

Branches:
Dungeon (11/15)            Temple (0/1) D:6            Lair (3/6) D:11
    Orc (0/2) D:11
  Swamp: Lair:2-4    Shoals: Lair:2-4     Snake: Lair:2-4    Spider: Lair:2-4

Altars:
Cheibriados
Gozag
Qazlal
Ru
Sif Muna
Trog
Wu Jian
Xom
Yredelemnul
The Shining One

Shops:
D:5 ?

Annotations:
Lair:2 exclusion: oklob plant


Innate Abilities, Weirdness & Mutations

You are too large for most types of armour.
You have claws for hands.
Your metabolism is lightning-fast.
You like to eat raw meat.
Your natural rate of healing is unusually fast.
You are covered in fur. (AC +1)
You have extremely tough skin. (AC +3)


Message History

Unknown command.
Evoke which item? (* to show all) (? for menu, Esc to quit)
Okay, then.
Unknown command.
Unknown command.
Your skin crawls.
You feel resistant to hostile enchantments.
You feel somewhat less full.
A red film seems to cover your vision as you go berserk!
You feel yourself moving faster!
You feel mighty!
The nine-headed hydra is no longer covered in acid.
The nine-headed hydra bites you.
* * * LOW HITPOINT WARNING * * *
The nine-headed hydra bites you!
* * * LOW HITPOINT WARNING * * *
The nine-headed hydra bites you!
* * * LOW HITPOINT WARNING * * *
The nine-headed hydra completely misses you.
The nine-headed hydra bites you!
You die...

...# #..............
#.. ###.............
#..#.#.............!
#..##.###..........
#.....# ##.........
###..## ###.......
##.## ##.÷.÷.. #D##
##..... #@# ####..
### #.## #### ##.
#.# #.. #.. ##..
##...


You could see a nine-headed hydra.

Vanquished Creatures
  Josephine (D:11)
  A hydra (D:11)
  A two-headed ogre (D:9)
  An ugly thing (D:11)
  A cyclops (D:11)
  A centaur zombie (D:11)
  2 black mambas
  4 spiny frogs
  2 komodo dragons
  A polar bear (Lair:2)
  12 blink frogs
  9 hippogriffs
  A shadow (D:11)
  22 yaks
  4 wraiths (D:11)
  2 wyverns (D:11)
  A spriggan (D:8)
  Grum (D:9)
  2 basilisks
  2 steam dragons (D:11)
  Edmund (D:5)
  A warg (D:11)
  An orc warrior (D:9)
  A porcupine (Lair:2)
  3 water moccasins (Lair:1)
  3 ice beasts
  2 black bears
  2 eyes of draining
  4 sky beasts
  A phantom (D:9)
  7 wolves
  4 ogres
  3 crocodiles
  3 big kobolds
  10 bullfrogs
  2 scorpions (D:8)
  9 killer bees
  7 wights
  6 howler monkeys
  6 crimson imps
  A quasit (D:7)
  4 bullfrog zombies
  3 jellies
  7 orc priests
  4 hounds
  10 orc wizards
  3 centaur skeletons
  Jessica (D:2)
  4 bullfrog skeletons
  7 hell rats (Lair:3)
  Ijyb (D:4)
  An iguana (D:7)
  12 worker ants
  A killer bee zombie (D:8)
  A hound zombie (D:8)
  A hound skeleton (D:8)
  2 worker ant zombies (D:9)
  6 gnolls
  12 adders
  4 shadow imps
  An ooze (D:4)
  An adder skeleton (D:7)
  3 worms
  2 dart slugs
  5 leopard geckos
  33 orcs
  6 giant cockroaches
  19 goblins
  11 hobgoblins
  25 jackals
  26 kobolds
  7 quokkas
  3 ball pythons
  10 bats
  8 frilled lizards
  A jackal skeleton (D:8)
  4 leopard gecko skeletons
  12 rats
409 creatures vanquished.

Vanquished Creatures (others)
  A fungus (Lair:1)
1 creature vanquished.

Grand Total: 410 creatures vanquished

Notes
Turn   | Place    | Note
-------+----------+-------------------------------------------
     0 | D:1      | Curus the Troll Berserker began the quest for the Orb.
     0 | D:1      | Reached XP level 1. HP: 22/22 MP: 0/0
   125 | D:1      | Reached XP level 2. HP: 29/29 MP: 1/1
   212 | D:1      | Reached skill level 4 in Unarmed Combat
   288 | D:1      | Reached ** piety under Trog
   422 | D:1      | Reached XP level 3. HP: 33/36 MP: 2/2
   726 | D:2      | Reached skill level 5 in Unarmed Combat
   726 | D:2      | Reached XP level 4. HP: 41/44 MP: 3/3
   923 | D:2      | Noticed Jessica
   941 | D:2      | Killed Jessica
   941 | D:2      | Reached *** piety under Trog
   941 | D:2      | Reached XP level 5. HP: 50/50 MP: 4/4
  1044 | D:3      | Reached skill level 6 in Unarmed Combat
  1229 | D:3      | Found a basalt altar of Yredelemnul.
  1683 | D:4      | Found an opulent altar of Gozag.
  1692 | D:4      | Reached XP level 6. HP: 57/59 MP: 5/5
  1693 | D:4      | Reached **** piety under Trog
  1707 | D:4      | Reached skill level 7 in Unarmed Combat
  1769 | D:4      | Found a glowing golden altar of the Shining One.
  1888 | D:4      | Reached skill level 8 in Unarmed Combat
  1928 | D:4      | Got a clouded turquoise ring
  1937 | D:4      | Reached XP level 7. HP: 59/66 MP: 6/6
  1948 | D:4      | Identified the ring "Vecryn" {*Corrode rElec MR+ Dex+2}
                  | (You found it on level 4 of the Dungeon)
  1961 | D:4      | Found a stormy altar of Qazlal.
  2246 | D:4      | Noticed Ijyb
  2255 | D:4      | Killed Ijyb
  2474 | D:5      | Entered Level 5 of the Dungeon
  2642 | D:5      | Reached skill level 9 in Unarmed Combat
  2662 | D:5      | Reached ***** piety under Trog
  2695 | D:5      | Found a shimmering blue altar of Sif Muna.
  2808 | D:5      | Noticed Edmund
  2815 | D:5      | Killed Edmund
  2821 | D:5      | Reached XP level 8. HP: 74/74 MP: 7/7
  3113 | D:5      | Found Xephuul's Magic Scroll Boutique.
  3153 | D:5      | Reached skill level 10 in Unarmed Combat
  3488 | D:6      | Noticed a moth of wrath
  3491 | D:6      | Found a bloodstained altar of Trog.
  3780 | D:6      | Found a staircase to the Ecumenical Temple.
  4045 | D:7      | Noticed a hippogriff
  4056 | D:7      | Killed a hippogriff
  4225 | D:7      | Reached XP level 9. HP: 80/85 MP: 8/8
  4296 | D:7      | Reached skill level 5 in Fighting
  4296 | D:7      | Reached skill level 5 in Dodging
  5094 | D:8      | Received a gift from Trog
  5516 | D:9      | Noticed a two-headed ogre
  5526 | D:9      | Killed a two-headed ogre
  5661 | D:9      | Reached XP level 10. HP: 96/100 MP: 9/9
  5740 | D:9      | Noticed Grum
  5754 | D:9      | Killed Grum
  5797 | D:9      | Found a shimmering altar of Xom.
  6066 | D:9      | Found an ornate altar of the Wu Jian Council.
  6097 | D:9      | Received a gift from Trog
  6508 | D:9      | Found a snail-covered altar of Cheibriados.
  6515 | D:9      | Found a sacrificial altar of Ru.
  6658 | D:10     | Entered Level 10 of the Dungeon
  6826 | D:10     | Identified a scroll of acquirement
  6859 | D:10     | Reached XP level 11. HP: 97/113 MP: 10/10
  6872 | D:10     | Found a glowing golden altar of the Shining One.
  7295 | D:11     | Noticed Josephine
  7315 | D:11     | Killed Josephine
  7388 | D:11     | Found a staircase to the Orcish Mines.
  7646 | D:11     | Noticed a white ugly thing
  7652 | D:11     | Killed a white ugly thing
  7667 | D:11     | Found a staircase to the Lair.
  7673 | Lair:1   | Entered Level 1 of the Lair of Beasts
  7673 | Lair:1   | Noticed a seven-headed hydra
  7680 | D:11     | Killed an 11-headed hydra
  7680 | D:11     | Reached skill level 1 in Evocations
  8032 | Lair:1   | Reached ****** piety under Trog
  8170 | Lair:1   | Reached XP level 12. HP: 126/126 MP: 13/13
  8187 | Lair:1   | Reached skill level 11 in Unarmed Combat
  8205 | Lair:1   | Received a gift from Trog
  9265 | Lair:2   | Reached skill level 5 in Evocations
  9403 | Lair:2   | Reached skill level 12 in Unarmed Combat
  9759 | Lair:3   | Noticed an eight-headed hydra
  9768 | Lair:3   | HP: 2/189 [nine-headed hydra (13)]
  9768 | Lair:3   | Slain by a nine-headed hydra

Levels and vault maps discovered:
D:1:      lemuel_arrival_funnel, layout_loops_ring
D:2:      layout_rooms, uniq_jessica
D:3:      layout_loops_ring, old_standard_altar, first_ration
D:4:      kennysheep_goblin_castle, layout_cave_pools, lemuel_doored_altar,
          nicolae_overflow_crystal_walls, nicolae_tso_carved_into_rock
D:5:      layout_basic, kennysheep_mini, serial_shops, kennysheep_little_box,
          uniq_edmund
D:6:      layout_loops_ring, tgw_trog, minmay_temple_entry_poolview,
          chequers_mini_garden
D:7:      layout_basic, serial_corexii_hall, corexii_hall_statues_l,
          corexii_hall_statues_i, corexii_hall_statues_i, corexii_hall_statues_x
D:8:      layout_loops_ring, grunt_pizzeria
D:9:      layout_loops_corners, lemuel_crystal_altar, lemuel_round_altar,
          minitemple, grunt_ministairs_8, uniq_grum
D:10:     layout_cave_pools, lemuel_altar_in_water
D:11:     layout_loops_ring, erik_lair_dragon, david_orc_3, uniq_josephine
Lair:1:   layout_cave_pods, st_stairs_6
Lair:2:   layout_roguey, hangedman_lair_generics_rect
Lair:3:   layout_cave_pods, elwin_shoals_entry_stream,
          minmay_lair_oklob_chamber, grunt_megastairs_5, uniq_sonja, uniq_urug

Skill      XL: |  1  2  3  4  5  6  7  8  9 10 11 12 |
---------------+-------------------------------------+-----
Unarmed Combat | 4 5 6 8 9 10 12 | 12.2
Fighting       | 4 6 8 9 |  9.9
Dodging        | 4 6 8 9 |  9.9
Evocations     | 3 5 |  5.5

Action                   |  1- 3 |  4- 6 |  7- 9 | 10-12 || total
-------------------------+-------+-------+-------+-------++-------
Melee: Unarmed           |   108 |   200 |   359 |   559 ||  1226
       Punch             |     2 |     4 |    17 |    37 ||    60
Invok: Berserk           |       |     1 |     2 |     7 ||    10
       Trog's Hand       |       |       |       |     3 ||     3
       Brothers in Arms  |       |       |       |     1 ||     1
Evoke: Wand              |       |       |     2 |     2 ||     4
  Use: Scroll            |     3 |     5 |     7 |     4 ||    19
       Potion            |     1 |       |     6 |     2 ||     9
 Stab: Sleeping          |       |     1 |     1 |     1 ||     3
       Distracted        |       |       |       |     1 ||     1
       Invisible         |       |       |       |     3 ||     3
  Eat: Chunk             |    12 |    13 |    36 |    44 ||   105
Armor: Animal skin       |    41 |    67 |    95 |   112 ||   315
Dodge: Dodged            |    44 |   116 |   182 |   403 ||   745
